 Dungeon Crawl Stone Soup version 0.19.0-19-g8c6edcc (webtiles) character file.

3323 lorenzova the Fighter (level 9, 0/92 HPs)
             Began as a Deep Dwarf Fighter on Nov 14, 2016.
             Slain by a gnoll sergeant
             ... wielding a +0 trident
              (4 damage)
             ... on level 8 of the Dungeon.
             The game lasted 00:13:48 (6231 turns).

lorenzova the Fighter (Deep Dwarf Fighter)          Turns: 6231, Time: 00:13:49

Health: 0/92       AC: 10    Str: 29    XL:     9   Next: 71%
Magic:  5/5        EV: 16    Int:  3    God:
Gold:   474        SH: 11    Dex: 18    Spells: 0 memorised, 8 levels left

rFire  . . .     SeeInvis .     a - +0 war axe
rCold  . . .     Gourm    .     I - +1 scale mail "Qoraw" {rElec rCorr Int-5 Dex+3} (curse)
rNeg   . . .     Faith    .     c - +0 shield
rPois  .         Spirit   .     (no helmet)
rElec  +         Reflect  .     (no cloak)
rCorr  +         Harm     .     h - +0 pair of gloves {Str+3}
MR     ++...                    (no boots)
Stlth  ..........               (no amulet)
                                A - +3 ring of evasion
                                i - ring of protection from magic

@: mighty, non-regenerating
A: damage resistance, recharge devices, sense surroundings 2, slow regeneration
3
a: Device Recharging


You were on level 8 of the Dungeon.
You were very hungry.

You visited 2 branches of the dungeon, and saw 9 of its levels.

You collected 474 gold pieces.

Inventory:

Hand Weapons
 a - a +0 war axe (weapon)
Armour
 b - a +0 scale mail
 c - a +0 shield (worn)
 h - a +0 pair of gloves of strength (worn)
 C - a +2 leather armour of fire resistance
 I - the cursed +1 scale mail "Qoraw" (worn) {rElec rCorr Int-5 Dex+3}
   (You found it on level 6 of the Dungeon)

   It affects your intelligence (-5).
   It affects your dexterity (+3).
   It insulates you from electricity.
   It protects you from acid and corrosion.
   It has a curse placed upon it.
 L - a +0 leather armour of poison resistance
Jewellery
 i - a ring of protection from magic (left hand)
 j - an uncursed ring of magical power
 k - an uncursed ring of wizardry
 A - a +3 ring of evasion (right hand)
Wands
 e - a wand of heal wounds (1/9)
 l - a wand of confusion (24/48)
 y - a wand of digging (13/24)
 B - a wand of flame (21/48)
 J - a wand of random effects (29/48)
 K - a wand of random effects (19/48)
Scrolls
 m - 3 scrolls of enchant armour
 n - 3 scrolls of fear
 o - 4 scrolls of teleportation
 F - 2 scrolls of blinking {unknown}
 G - 2 scrolls of enchant weapon {unknown}
 H - a scroll of identify
Potions
 g - 2 potions of agility
 p - 2 potions of curing
 r - a potion of lignification
 s - a potion of flight
 t - 2 potions of mutation {unknown}
 u - 2 potions of degeneration {unknown}
 v - a potion of ambrosia {unknown}
 z - a potion of beneficial mutation {unknown}
 D - 2 potions of brilliance {unknown}
Comestibles
 f - 4 bread rations
 q - a beef jerky
 x - 4 fruits
 E - 4 meat rations


   Skills:
 * Level 9.4 Fighting
 - Level 2.1 Axes
 + Level 8.3 Armour
 + Level 7.3 Dodging
 - Level 3.2 Shields


You had 8 spell levels left.
You didn't know any spells.

Dungeon Overview and Level Annotations

Branches:
Dungeon (8/15)             Temple (1/1) D:4
   Lair: D:8-11

Altars:
Ashenzari
Cheibriados
Dithmenos
Elyvilon
Fedhas
Gozag
Hepliaklqana
Kikubaaqudgha
Nemelex Xobeh
Okawaru
Qazlal
Ru
Trog
Uskayaw
Xom
Yredelemnul
Zin
The Shining One


Innate Abilities, Weirdness & Mutations

You are resistant to damage.
You can recharge devices by infusing magical energy.
You passively map the area around you.
You do not regenerate.


Message History

Beogh smites you!
* * * LOW HITPOINT WARNING * * *
The gnoll sergeant hits you from afar with a trident.
You block the orc warrior's attack.
You hit the orc warrior.
The orc warrior is almost dead.
The gnoll sergeant hits you from afar with a trident.
The orc warrior barely misses you.
The orc priest begins to cast a cantrip, but forgets the words!
You closely miss the orc warrior.
The orc warrior is almost dead.
You block the gnoll sergeant's attack.
The orc wizard mumbles some strange words.
The orc warrior hits you but does no damage.
The gnoll sergeant hits you from afar with a trident.
* * * LOW HITPOINT WARNING * * *
You slice the orc warrior!!
You kill the orc warrior!
The gnoll sergeant hits you from afar with a trident.
You die... #..###...* #..#)#..,* , , , #..###., * , #.5... , , * #ooo. , * , ooo

, ,*
#g#* *
#)# , ,
, #@#
*, , ,
#.# *,
* *
####.#
* *
#....#
,*
#(####
.. , ,*
# #.#
#.#*.#
# #.#
#.##.#
* # #)#
#.##.#
# #.#
##.##.#
#


You could see an orc warrior, a gnoll sergeant, an orc priest, an orc wizard, a
crimson imp and 3 orcs.

Vanquished Creatures
  A slime creature (D:7)
  Eustachio (D:8)
  Duvessa (D:6)
  An ice beast (D:6)
  3 orc warriors (D:8)
  2 ogres
  A phantom (D:4)
  2 centaurs
  A crocodile (D:7)
  3 bullfrogs
  A gnoll sergeant (D:8)
  Dowan (D:6)
  A water moccasin skeleton (D:7)
  3 scorpions
  2 wights (D:8)
  A bullfrog zombie (D:5)
  2 crimson imps
  3 orc priests
  4 hounds
  2 bullfrog skeletons
  2 centaur skeletons
  10 jellies
  2 iguanas
  9 orc wizards
  2 worker ants (D:4)
  A killer bee zombie (D:5)
  A hound zombie (D:6)
  A hound skeleton (D:4)
  A gnoll (D:1)
  13 adders
  2 shadow imps
  14 oozes
  4 worms
  4 dart slugs
  6 leopard geckos
  30 orcs
  A ball python (D:3)
  3 bats
  3 giant cockroaches
  4 goblins (D:2)
  8 hobgoblins
  12 jackals
  3 quokkas
  5 frilled lizards
  9 kobolds
  A quokka skeleton (D:8)
  4 rats
  A fungus (D:7)
192 creatures vanquished.

Vanquished Creatures (others)
  4 fungi (D:7)
4 creatures vanquished.

Grand Total: 196 creatures vanquished

Notes
Turn   | Place    | Note
-------+----------+-------------------------------------------
     0 | D:1      | lorenzova the Deep Dwarf Fighter began the quest for the Orb.
     0 | D:1      | Reached XP level 1. HP: 20/20 MP: 1/1
    86 | D:1      | Reached skill level 3 in Fighting
    86 | D:1      | Reached XP level 2. HP: 28/28 MP: 2/2
   538 | D:1      | Reached skill level 1 in Dodging
   709 | D:2      | Reached XP level 3. HP: 24/34 MP: 3/3
  1059 | D:2      | Reached XP level 4. HP: 19/44 MP: 4/4
  1361 | D:2      | Reached skill level 4 in Fighting
  1570 | D:3      | Found an ancient bone altar of Kikubaaqudgha.
  1813 | D:3      | Found a bloodstained altar of Trog.
  1973 | D:4      | Reached XP level 5. HP: 39/50 MP: 5/5
  2115 | D:4      | Reached XP level 6. HP: 42/60 MP: 6/6
  2250 | D:4      | Reached skill level 5 in Fighting
  2305 | D:4      | Reached skill level 5 in Armour
  2326 | D:4      | Reached XP level 7. HP: 44/68 MP: 7/7
  2461 | D:4      | Found a staircase to the Ecumenical Temple.
  2478 | Temple   | Entered the Ecumenical Temple
  2585 | D:4      | Reached skill level 6 in Fighting
  2593 | D:4      | Found a shadowy altar of Dithmenos.
  2594 | D:4      | Found a glowing golden altar of the Shining One.
  2594 | D:4      | Found a basalt altar of Yredelemnul.
  2600 | D:4      | Found a stormy altar of Qazlal.
  2799 | D:5      | Entered Level 5 of the Dungeon
  2952 | D:4      | Found a snail-covered altar of Cheibriados.
  3420 | D:5      | Reached XP level 8. HP: 46/78 MP: 7/7
  3663 | D:5      | Found an opulent altar of Gozag.
  3789 | D:6      | Noticed Duvessa
  3789 | D:6      | Noticed Dowan
  3810 | D:6      | Killed Duvessa
  3810 | D:6      | Reached skill level 7 in Fighting
  3810 | D:6      | Reached skill level 5 in Dodging
  3816 | D:6      | Killed Dowan
  4512 | D:6      | Got a warped scale mail
  4523 | D:6      | Identified the cursed +1 scale mail "Qoraw" {rElec rCorr Int-5 Dex+3} (You found it on level 6 of the Dungeon)
  4812 | D:7      | Reached skill level 8 in Fighting
  5012 | D:7      | Gained mutation: You passively map the area around you. [Deep Dwarf growth]
  5012 | D:7      | Reached XP level 9. HP: 49/88 MP: 6/6
  5329 | D:7      | HP: 2/90 [acid (4)]
  6063 | D:8      | Noticed Eustachio
  6087 | D:8      | Reached skill level 9 in Fighting
  6145 | D:8      | Killed Eustachio
  6221 | D:8      | HP: 4/91 [orc warrior/mace of crushing (3)]
  6230 | D:8      | HP: 4/91 [gnoll sergeant/trident (1)]
  6231 | D:8      | Slain by a gnoll sergeant

Skill      XL: |  1  2  3  4  5  6  7  8  9 |
---------------+----------------------------+-----
Fighting       | 3 4 5 6 8 9 |  9.4
Dodging        | 1 2 3 4 6 7 |  7.3
Armour         | 4 5 6 7 8 |  8.3
Axes           | |  2.1
Shields        | |  3.2

Action                   |  1- 3 |  4- 6 |  7- 9 || total
-------------------------+-------+-------+-------++-------
Melee: War axe           |    80 |   192 |   552 ||   824
 Abil: Device Recharging |       |       |     4 ||     4
Evoke: Wand              |       |     3 |    22 ||    25
  Use: Scroll            |       |     4 |     6 ||    10
       Potion            |       |       |     2 ||     2
  Eat: Chunk             |       |     5 |     8 ||    13
       Meat ration       |       |       |     1 ||     1
Armor: Scale mail        |    35 |   105 |   162 ||   302
       Leather armour    |       |       |    37 ||    37
       Skin              |       |       |     1 ||     1
Dodge: Dodged            |    44 |   100 |   383 ||   527
Block: Shield            |    48 |   113 |   355 ||   516
